AoeStats
← ME_DEPRIME_JUGAR_CON_USTEDES

Black Forest

506871088Analyzed
4v4 RM · 16d ago on Sep 15, 2026· 45m 58s· 8 players
Game mode
Random Map
Map size
Large (8 player)
Population
200
Speed
Normal
Resources
Standard
Victory
Conquest
Starting age
Dark Age
Ending age
Imperial Age
RankedLock teamsTeams togetherTeam positionsShared explorationLock speedFull tech treeHidden civsTurbo modeCheats
Victory
Defeat
🇮🇳 Mongols · India
1455
+16
🇦🇿 Cumans · Azerbaijan
1445
+16
🇨🇳 Spanish · China
1439
+16
🇮🇳 Turks · India
1434
+17
🇨🇳 Bengalis · China
1529
-19
1511
-19
🇨🇭 Mongols · Switzerland
1419
-15
🇷🇴 Franks · Romania
1344
-12
NUR
10:14 Feudal Age
11:13 Double-Bit Axe
14:00 Castle Age
12:21 Horse Collar
13:59 Wheelbarrow
14:57 Bow Saw
15:29 Heavy Plow
24:28 Stone Mining
25:52 Murder Holes
30:05 Imperial Age
27:27 Gold Mining
27:53 Padded Archer Armor
27:46 Fletching
28:42 Hand Cart
28:13 Loom
28:13 Town Watch
29:28 Gold Shaft Mining
29:10 Leather Archer Armor
29:02 Murder Holes
30:09 Elite Janissary
31:10 Conscription
30:58 Artillery
31:11 Masonry
30:43 Treadmill Crane
31:36 Guilds
32:23 Sipahi
32:30 Bombard Tower
32:47 Architecture
33:14 Coinage
32:45 Caravan
33:24 Hoardings
33:14 Bloodlines
33:04 Husbandry
33:22 Bodkin Arrow
33:58 Ring Archer Armor
33:07 Heavy Camel Rider
33:59 Forging
35:15 Forging
35:11 Scale Barding Armor
35:08 Bracer
34:57 Sappers
36:19 Chain Barding Armor
36:42 Iron Casting
36:50 Iron Casting
38:15 Two-Man Saw
38:01 Plate Barding Armor
39:19 Blast Furnace
42:06 Scale Mail Armor
我放了个屁她顺风追了
4:41 Loom
10:08 Feudal Age
12:07 Double-Bit Axe
13:14 Horse Collar
21:19 Castle Age
20:46 Wheelbarrow
21:00 Gold Mining
21:38 Scale Barding Armor
21:45 Forging
21:53 Bloodlines
23:16 Heavy Plow
23:30 Bow Saw
28:58 Imperial Age
27:02 Fletching
28:05 Chain Barding Armor
28:25 Gold Shaft Mining
28:47 Hand Cart
29:25 Cavalier
30:06 Capped Ram
32:28 Plate Barding Armor
32:36 Iron Casting
32:55 Conscription
33:41 Caravan
35:22 Paladin
37:32 Blast Furnace
41:00 Siege Ram
41:39 Light Cavalry
43:13 Bodkin Arrow
45:00 Hussar
Broken Angel
0:50 Loom
13:25 Feudal Age
17:15 Castle Age
15:05 Double-Bit Axe
16:11 Horse Collar
18:13 Stone Mining
19:35 Fortified Wall
22:22 Bow Saw
27:18 Heavy Plow
29:57 Gold Mining
30:47 Wheelbarrow
30:23 Fletching
31:49 Hand Cart
32:30 Gold Shaft Mining
31:59 Bodkin Arrow
35:03 Imperial Age
33:17 Bodkin Arrow
34:21 Stone Shaft Mining
34:42 Ballistics
34:27 Padded Archer Armor
36:44 Chemistry
35:48 Bracer
36:11 Bloodlines
36:02 Husbandry
36:27 Conscription
37:28 Leather Archer Armor
39:23 Thumb Ring
39:44 Parthian Tactics
41:43 Elite Mangudai
43:52 Nomads
44:12 Drill
45:39 Siege Engineers
45:30 Murder Holes
45:45 Masonry
吹尽凡尘心
1:07 Loom
13:24 Feudal Age
16:52 Castle Age
14:46 Double-Bit Axe
15:49 Horse Collar
18:07 Bow Saw
18:45 Stone Mining
25:10 Padded Archer Armor
28:55 Leather Archer Armor
30:48 Bloodlines
30:39 Husbandry
33:17 Gold Mining
36:15 Wheelbarrow
39:31 Imperial Age
37:05 Fletching
38:16 Bodkin Arrow
39:09 Stone Shaft Mining
40:30 Hand Cart
39:57 Elite Skirmisher
41:12 Ring Archer Armor
40:43 Bracer
41:46 Chemistry
41:20 Ballistics
41:31 Conscription
42:32 Two-Man Saw
43:23 Heavy Plow
42:48 Elite Conquistador
sjhgdtbr
0:32 Loom
13:08 Feudal Age
17:18 Castle Age
15:39 Town Watch
15:46 Double-Bit Axe
21:27 Wheelbarrow
21:57 Bow Saw
26:41 Hand Cart
26:28 Town Patrol
32:04 Imperial Age
29:43 Scale Barding Armor
30:52 Forging
31:26 Chain Barding Armor
32:20 Caravan
32:19 Gold Mining
33:47 Chemistry
33:14 #83
33:06 Scale Mail Armor
33:03 Cavalier
35:33 Conscription
35:59 Heavy Scorpion
38:36 Fletching
42:27 Iron Casting
42:48 Ballistics
42:14 Pikeman
43:11 Squires
43:27 Chain Mail Armor
43:00 Elite Throwing Axeman
43:24 Halberdier
43:33 Halberdier
lorddoc
0:50 Loom
11:40 Feudal Age
15:44 Castle Age
17:02 Double-Bit Axe
27:46 Imperial Age
25:12 Horse Collar
38:26 Conscription
39:23 Fletching
40:42 Padded Archer Armor
41:39 Bodkin Arrow
41:59 Leather Archer Armor
44:46 Ballistics
45:27 Chemistry
44:34 Bracer
投掷哥布林
8:29 Loom
10:48 Feudal Age
14:37 Castle Age
13:10 Double-Bit Axe
13:09 Horse Collar
15:36 Bow Saw
22:50 Wheelbarrow
23:05 Heavy Plow
23:32 Fervor
26:29 Hand Cart
26:08 Fletching
29:48 Imperial Age
27:18 Elite Skirmisher
27:57 Bodkin Arrow
28:03 Padded Archer Armor
27:57 Town Watch
28:06 Gold Mining
29:54 Leather Archer Armor
29:58 Elite Elephant Archer
31:51 Chemistry
30:55 Bracer
31:29 Ring Archer Armor
32:02 Ballistics
32:31 Scale Barding Armor
32:29 Scale Mail Armor
33:40 Gold Shaft Mining
32:55 Stone Mining
32:32 Siege Elephant
33:37 Conscription
34:14 Husbandry
34:24 Bloodlines
35:50 Two-Man Saw
36:07 Paiks
36:22 Conscription
37:10 Siege Engineers
37:15 Masonry
38:49 Mahayana
40:55 Caravan
ME_DEPRIME_JUGAR_CON_USTEDES
12:27 Feudal Age
13:28 Double-Bit Axe
16:35 Castle Age
14:29 Stone Mining
17:37 Bow Saw
26:59 Horse Collar
28:10 Wheelbarrow
29:19 Padded Archer Armor
33:38 Leather Archer Armor
36:29 Bloodlines
40:02 Imperial Age
37:38 Husbandry
37:32 Fletching
39:49 Pikeman
41:29 Ring Archer Armor
41:21 Loom
42:50 Conscription
43:48 Caravan
45:36 Bodkin Arrow
Connection lost

Rejoining the realm…

Still unreachable

The connection could not be restored.

Session expired

The server has moved on; the page needs a fresh start.